 Dungeon Sprint DCSS version 0.24-a0-250-g6074511092 (webtiles) character file.

Game seed: 15201987348697978435

408 Redear the Covered (level 6, -1/62 HPs)
             Began as a Deep Dwarf Fighter on Apr 15, 2019.
             Was a High Priest of Makhleb.
             Slain by a manticore (10 damage)
             ... in the Dungeon (Sprint VII: "The Pits").
             The game lasted 00:01:58 (314 turns).

Redear the Covered (Deep Dwarf Fighter)              Turns: 314, Time: 00:01:59

Health: -1/62      AC:  9    Str: 19    XL:     6   Next: 57%
Magic:  5/5        EV: 14    Int:  9    God:    Makhleb [*****.]
Gold:   0          SH:  0    Dex: 14    Spells: 5/5 levels left

rFire    . . .     SeeInvis .   a - +0 flail
rCold    . . .     Gourm    .   (no shield)
rNeg     . . .     Faith    .   m - +3 ring mail
rPois    .         Spirit   .   (no helmet)
rElec    .         Reflect  .   (no cloak)
rCorr    .         Harm     .   (no gloves)
MR       .....     NoTele   +   (no boots)
Stlth    +++.......             (no amulet)
HPRegen  0.00/turn              (no ring)
MPRegen  0.09/turn              (no ring)

@: non-regenerating
A: damage resistance, heal wounds, sense surroundings 1, no regeneration
a: Heal Wounds, Minor Destruction, Lesser Servant of Makhleb, Major Destruction,
Greater Servant of Makhleb, Renounce Religion


You were in the Dungeon.
You worshipped Makhleb.
Makhleb was extremely pleased with you.
You were not hungry.

You visited 1 branch

Inventory:

Hand Weapons
 a - a +0 flail (weapon)
 e - a +2 mace
 n - a +1 mace of protection
Armour
 b - a +0 scale mail
 c - a +0 shield
 m - a +3 ring mail (worn)
Scrolls
 h - 5 scrolls of amnesia
 k - a scroll of summoning
 B - a scroll of blinking {@r4}
 N - 3 scrolls of remove curse
Potions
 d - a potion of might {Str+5 DMG+1d10 | @q3}
 f - 2 potions of invisibility
 g - 6 potions of heal wounds {@q1}
 i - 4 potions of magic
 j - 3 potions of berserk rage
 H - a potion of haste {@q5}
 Q - 6 potions of curing {@q2}
Comestibles
 z - 9 rations


   Skills:
 + Level 5.8 Fighting
 + Level 6.0 Maces & Flails
 + Level 7.3 Armour
 + Level 6.1 Dodging
 + Level 7.3 Stealth
 + Level 7.2 Shields


You had 5 spell levels left.
You didn't know any spells.
Your spell library was empty.

Dungeon Overview and Level Annotations

Branches:
Dungeon (1/1)

Altars:
Ashenzari
Cheibriados
Dithmenos
Elyvilon
Fedhas
Gozag
Hepliaklqana
Kikubaaqudgha
Makhleb
Nemelex Xobeh
Okawaru
Qazlal
Ru
Sif Muna
Trog
Uskayaw
Vehumet
Wu Jian
Xom
Yredelemnul
Zin
The Shining One
Beogh
Jiyva
Lugonu


Innate Abilities, Weirdness & Mutations

You are resistant to damage.
You can heal yourself by infusing magical energy.
You passively map a small area around you.
You do not regenerate.


Message History

You can now summon a greater servant of Makhleb.
Your Maces & Flails skill increases to level 6!
You open the door.
A manticore comes into view.
There is an open door here.
The helpless manticore fails to defend itself.
You bludgeon the manticore!!
The manticore is moderately wounded.
The manticore bites you. The manticore barely misses you.
The manticore completely misses you.
You take 4 damage, and have 35/62 hp.
You barely miss the manticore.
The manticore is moderately wounded.
The manticore misses you. The manticore claws you. The manticore claws you!
The manticore bites you!!
* * * LOW HITPOINT WARNING * * *
The manticore claws you!
* * * LOW HITPOINT WARNING * * *
The manticore claws you!
You die...

#)#........##.......# ,
#)#........##.......#**
#'###########.......#
#......†# *#########
#..#.#..# * * #.##.##.#
, , * ,* #.......#+# ,
* #.##.##.#H+ ,
#..#.#..#@#,,,,
#.......'.# ###########
* *


You could see a manticore.

Vanquished Creatures
  2 floating eyes (D)
  An ogre (D)
  A jelly (D)
  2 orc wizards (D)
  An adder (D)
  A river rat (D)
  A white imp (D)
  An ooze (D)
  A leopard gecko (D)
  3 orcs (D)
  A bat zombie (D)
  3 goblins (D)
  A ball python zombie (D)
  A frilled lizard (D)
20 creatures vanquished.

Notes
Turn   | Place    | Note
-------+----------+-------------------------------------------
     0 | D        | Redear the Deep Dwarf Fighter began the quest for the Orb.
     0 | D        | Reached XP level 1. HP: 20/20 MP: 1/1
    45 | D        | Found a glowing golden altar of the Shining One.
    45 | D        | Found a glowing silver altar of Zin.
    45 | D        | Found a basalt altar of Yredelemnul.
    45 | D        | Found a shimmering altar of Xom.
    45 | D        | Found an ornate altar of the Wu Jian Council.
    45 | D        | Found a bloodstained altar of Trog.
    45 | D        | Found a deep blue altar of Sif Muna.
    45 | D        | Found a sacrificial altar of Ru.
    45 | D        | Found a stormy altar of Qazlal.
    45 | D        | Found an iron altar of Okawaru.
    45 | D        | Found a sparkling altar of Nemelex Xobeh.
    45 | D        | Found a burning altar of Makhleb.
    45 | D        | Found a viscous altar of Jiyva.
    45 | D        | Found a hazy altar of Hepliaklqana.
    45 | D        | Found an opulent altar of Gozag.
    45 | D        | Found a blossoming altar of Fedhas.
    45 | D        | Found a white marble altar of Elyvilon.
    45 | D        | Found a shadowy altar of Dithmenos.
    45 | D        | Found a snail-covered altar of Cheibriados.
    46 | D        | Found a radiant altar of Vehumet.
    46 | D        | Found a corrupted altar of Lugonu.
    46 | D        | Found a roughly hewn altar of Beogh.
    48 | D        | Found an ancient bone altar of Kikubaaqudgha.
    48 | D        | Found a hide-covered altar of Uskayaw.
    48 | D        | Found a shattered altar of Ashenzari.
    54 | D        | Became a worshipper of Makhleb the Destroyer
    68 | D        | Reached skill level 1 in Dodging
    68 | D        | Reached skill level 1 in Stealth
    70 | D        | Reached skill level 3 in Fighting
    75 | D        | Noticed a floating eye
    78 | D        | Paralysed by a floating eye for 4 turns
    82 | D        | Killed a floating eye
    82 | D        | Reached * piety under Makhleb
    82 | D        | Reached skill level 4 in Fighting
    82 | D        | Reached skill level 4 in Maces & Flails
    82 | D        | Reached skill level 5 in Armour
    82 | D        | Reached skill level 3 in Dodging
    82 | D        | Reached skill level 4 in Stealth
    82 | D        | Reached skill level 5 in Shields
    82 | D        | Reached XP level 2. HP: 28/30 MP: 2/2
    82 | D        | Reached XP level 3. HP: 34/36 MP: 3/3
    82 | D        | Reached XP level 4. HP: 41/44 MP: 4/4
   101 | D        | Reached ** piety under Makhleb
   110 | D        | Reached skill level 4 in Dodging
   178 | D        | Noticed an ogre
   183 | D        | Noticed a floating eye
   185 | D        | Reached *** piety under Makhleb
   191 | D        | Your magical essence is drained by the effort!
   192 | D        | Paralysed by a floating eye for 4 turns
   197 | D        | Paralysed by a floating eye for 4 turns
   202 | D        | Killed an ogre
   202 | D        | Reached skill level 5 in Fighting
   202 | D        | Reached skill level 5 in Maces & Flails
   202 | D        | Reached skill level 6 in Armour
   202 | D        | Reached skill level 5 in Stealth
   202 | D        | Reached skill level 6 in Shields
   202 | D        | Reached XP level 5. HP: 39/52 MP: 4/4
   205 | D        | Paralysed by a floating eye for 4 turns
   210 | D        | Paralysed by a floating eye for 4 turns
   216 | D        | Paralysed by a floating eye for 2 turns
   221 | D        | Paralysed by a floating eye for 4 turns
   225 | D        | Reached skill level 5 in Dodging
   225 | D        | Reached skill level 6 in Stealth
   230 | D        | Paralysed by a floating eye for 4 turns
   239 | D        | Paralysed by a floating eye for 4 turns
   246 | D        | Paralysed by a floating eye for 3 turns
   255 | D        | Paralysed by a floating eye for 4 turns
   261 | D        | Killed a floating eye
   261 | D        | Reached **** piety under Makhleb
   261 | D        | Reached skill level 7 in Armour
   261 | D        | Reached skill level 7 in Shields
   261 | D        | Reached XP level 6. HP: 49/61 MP: 5/5
   275 | D        | Reached skill level 6 in Dodging
   275 | D        | Reached skill level 7 in Stealth
   309 | D        | Reached ***** piety under Makhleb
   309 | D        | Reached skill level 6 in Maces & Flails
   311 | D        | Noticed a manticore
   314 | D        | Slain by a manticore

Levels and vault maps discovered:
D:        pitsprint [storerooms_1, entrance_room_1, metal_vault_5, armoury_1,
          mini_pit_1, grid_room_1, main_hall_1, silver_pit, the_coven_3,
          the_vestibule_1, steel_vault_5, golden_pit, hallway_of_sentries,
          crystal_vault_3, iron_vault_2, final_vault]

Skill      XL: |  1  2  3  4  5  6 |
---------------+-------------------+-----
Dodging        | 3 4 5 6 |  6.1
Stealth        | 4 5 6 7 |  7.3
Fighting       | 4 5 |  5.8
Maces & Flails | 4 5 6 |  6.0
Armour         | 5 6 7 |  7.3
Shields        | 5 6 7 |  7.2

Action                   |  1- 3 |  4- 6 || total
-------------------------+-------+-------++-------
Melee: Flail             |    10 |    75 ||    85
 Abil: Heal Wounds       |       |     3 ||     3
 Stab: Sleeping          |       |     3 ||     3
Armor: Scale mail        |     4 |     4 ||     8
       Ring mail         |       |    55 ||    55
Dodge: Dodged            |     6 |    43 ||    49

Table legend:
 A = Non-vault XP
 B = Vault XP
 C = Vault XP percentage of total XP
 D = Non-vault monster count
 E = Vault monster count
 F = Vault count percentage of total count
                 A         B        C        D         E       F
            +---------+---------+-------+---------+---------+-------
      Total |       0 |     584 | 100.0 |       0 |      20 | 100.0
            +---------+---------+-------+---------+---------+-------
          D |       0 |     584 | 100.0 |       0 |      20 | 100.0
            +---------+---------+-------+---------+---------+-------
